Cogmind - Beta 13 @@@ ROGUE MODE // 2024.04.14 @ 12:09:57 Player: Bearly Playable Result: Destroyed by D-53 Grenadier with Mini Grenade Launcher Performance ------------- Evolutions (0) 0 Regions Visited (2) 400 Robots Destroyed (0) 0 Value Destroyed (0) 0 Prototype IDs (0) 0 Alien Tech Used (0) 0 Bonus (0) 0 TOTAL SCORE: 400 Bonus ------- None Cogmind --------- Core Integrity 0/250 Matter 266/300 Energy 99/100 System Corruption 1% Temperature Cool (0) Movement Rolling (100) Location -10/Mines Parts ------- > --- POWER (1) -------- (None) > --- PROPULSION (2) --- Compact Wheel > --- UTILITY (2) ------ (None) > --- WEAPON (2) ------- Medium Laser > --- INVENTORY (5) ---- Light Ion Engine Light Assault Rifle Peak State ------------ > --- POWER ------------ Ion Engine > --- PROPULSION ------- Compact Wheel Compact Wheel > --- UTILITY ---------- Small Storage Unit > --- WEAPON ----------- Medium Laser Assault Rifle > --- INVENTORY -------- Light Ion Engine [Rating: 6] Favorites ----------- Power Ion Engine Engine Ion Engine Propulsion Compact Wheel Wheel Compact Wheel Utility Small Storage Unit Storage Small Storage Unit Weapon Medium Laser Energy Gun Medium Laser Ballistic Gun Assault Rifle Build | -11 -10 -10 ------- Run | Yrd Mat Min Slots Evolved . | . . . Power . | . . . Propulsion . | . . . Utility . | . . . Weapon . | . . . Parts Attached 6 | 6 . . Power 1 | 1 . . Engine 1 | 1 . . Core . | . . . Reactor . | . . . Propulsion 2 | 2 . . Treads . | . . . Leg . | . . . Wheel 2 | 2 . . Hover . | . . . Flight . | . . . Utility 1 | 1 . . Device . | . . . Storage 1 | 1 . . Processor . | . . . Hackware . | . . . Protection . | . . . Artifact . | . . . Weapon 2 | 2 . . Energy Gun 1 | 1 . . Energy Cannon . | . . . Ballistic Gun 1 | 1 . . Ballistic Cannon . | . . . Launcher . | . . . Special Weapon . | . . . Impact Weapon . | . . . Slashing Weapon . | . . . Piercing Weapon . | . . . Special Melee Weapon . | . . . Unidentified Prototypes . | . . . Parts Lost 2 | . . 2 Power 1 | . . 1 Propulsion 1 | . . 1 Utility . | . . . Weapon . | . . . Highest Loss Streak 2 | . . 2 To Critical Strikes . | . . . Average Slot Usage (%) 81 | . 85 75 Engine 13 | . 14 11 Wheel 28 | . 28 28 Storage 13 | . 14 11 Energy Gun 14 | . 14 14 Ballistic Gun 12 | . 14 9 Naked Turns . | . . . Heaviest Build 14 | 14 14 14 Greatest Support 32 | 32 32 32 Greatest Overweight (x) . | . . . Average Overweight (x) . | . . . Largest Inventory Capacity 8 | 8 8 8 Average Capacity 7 | 7 8 7 Most Carried 2 | 2 2 2 Average Carried 1 | 1 2 2 Final Capacity 8 | 8 8 5 Final Carried 2 | 2 2 2 Class Distribution -------------------- 100% | Mutant Dominant Class ---------------- Mutant | -10/Materials Mutant | -10/Mines Resources | -11 -10 -10 ----------- Run | Yrd Mat Min Matter Collected 222 | 218 . 4 Remotely . | . . . Salvage Created . | . . . Parts . | . . . Haulers Intercepted . | . . . Recyclers Shooed . | . . . Parts Field Recycled . | . . . Retrieved Matter . | . . . Parts Self-Destructed . | . . . Prevented . | . . . Kills | -11 -10 -10 ------- Run | Yrd Mat Min Combat Hostiles Destroyed . | . . . Classes Destroyed . | . . . Best Kill Streak . | . . . Combat Bots Only . | . . . Max Kills in Single Turn . | . . . Gunslinging . | . . . Exploded . | . . . Melee . | . . . Uniques/NPCs Destroyed . | . . . Combat | -11 -10 -10 -------- Run | Yrd Mat Min Hostile Shots Fired 19 | . 3 16 Missed 3 | . 2 1 Damage Taken 558 | . 16 542 Core 280 | . . 280 Absorbed by Shields . | . . . Core Remaining (%) 100 | 100 . . Volleys Fired 5 | . . 5 Largest 2 | . . 2 Hottest 70 | . . 70 Shots Fired 7 | . . 7 Gun 7 | . . 7 Cannon . | . . . Launcher . | . . . Special . | . . . Kinetic 2 | . . 2 Thermal 5 | . . 5 Explosive . | . . . Electromagnetic . | . . . Robot Hit Streak 2 | . . 2 Robot Miss Streak 2 | . . 2 Penetration Max . | . . . Secondary Targets . | . . . Shots Hit Robots 4 | . . 4 Core Hits 1 | . . 1 Critical Kills . | . . . Critical Parts Destroyed . | . . . Critical Strikes 1 | . . 1 Burn 1 | . . 1 Melee Attacks . | . . . Impact . | . . . Slashing . | . . . Piercing . | . . . Sneak Attacks . | . . . Combat Hostiles . | . . . Follow-up Attacks . | . . . Damage Inflicted 50 | . . 50 Guns 50 | . . 50 Cannons . | . . . Explosions . | . . . Melee . | . . . Ramming . | . . . Kinetic 12 | . . 12 Thermal 38 | . . 38 Explosive . | . . . Electromagnetic . | . . . Impact . | . . . Slashing . | . . . Piercing . | . . . Highest Corruption 1 | . 1 1 Average Corruption 1 | . 1 1 Corruption Purged . | . . . Corruption Blocked . | . . . Effects 1 | . . 1 Parts Rejected 1 | . . 1 Overload Shots . | . . . Overflow Damage . | . . . Projectiles . | . . . Explosions . | . . . Melee . | . . . Knockbacks . | . . . Impact . | . . . Kinetic . | . . . Secondary . | . . . Self-Inflicted Damage . | . . . Shots . | . . . Rammed . | . . . Targets Rammed . | . . . Kicked . | . . . Crushed . | . . . Highest Temperature 43 | . . 43 Average Temperature 22 | . . 22 Received Heat Transfer 9 | . 9 . Siege Activations . | . . . Robots Corrupted . | . . . Combat Hostiles . | . . . Parts Fried . | . . . Impact Corruptions . | . . . Robots Melted . | . . . Combat Hostiles . | . . . Parts Melted . | . . . Heat Transferred 185 | . . 185 Parts Sabotaged . | . . . Parts Stolen . | . . . Parts Stripped . | . . . Power Chain Reactions . | . . . Alert | -11 -10 -10 ------- Run | Yrd Mat Min Peak Influence 24 | . 24 9 Initial 9 | . . 9 Average 9 | . 18 7 Maximum Alert Level . | . . . Low Security (%) 100 | 100 100 100 Level 1 . | . . . Level 2 . | . . . Level 3 . | . . . Level 4 . | . . . Level 5 . | . . . High Security . | . . . Max Security . | . . . Squads Dispatched . | . . . Investigation . | . . . Extermination . | . . . Reinforcement . | . . . Assault . | . . . Garrison . | . . . Intercept . | . . . Searches Triggered . | . . . Construction Impeded . | . . . Haulers Reinforced . | . . . Active Scanning Responses . | . . . Cargo Convoy Interrupts . | . . . Stealth | -11 -10 -10 --------- Run | Yrd Mat Min Distress Signals . | . . . Communications Jammed . | . . . Distress Signals . | . . . Times Spotted 6 | . 3 3 Peak Tracking Total 4 | . 3 4 Tactical Retreats . | . . . Traps | -11 -10 -10 ------- Run | Yrd Mat Min Traps Triggered . | . . . Indirectly . | . . . Trap Hack Attempts . | . . . Triggered . | . . . Disarmed . | . . . Reprogrammed . | . . . Reused . | . . . Traps Extracted . | . . . Installed . | . . . Triggered . | . . . Machines | -11 -10 -10 ---------- Run | Yrd Mat Min Machines Disabled . | . . . Max in Single Turn . | . . . Machines Repaired . | . . . Machines Dismantled . | . . . Machines Sabotaged . | . . . Overloaded Fab Kills . | . . . Hacking | -11 -10 -10 --------- Run | Yrd Mat Min Machines Accessed 2 | . 2 . Terminals 1 | . 1 . Fabricators . | . . . Repair Stations . | . . . Recycling Units 1 | . 1 . Scanalyzers . | . . . Garrison Access . | . . . Total Hacks 6 | . 6 . Successful 2 | . 2 . Failed 4 | . 4 . Catastrophic . | . . . Database Lockouts . | . . . Manual 4 | . 4 . Terminals 3 | . 3 . Fabricators . | . . . Repair Stations . | . . . Recycling Units 3 | . 3 . Scanalyzers . | . . . Garrison Access . | . . . Terminal Hacks . | . . . Fabricator Hacks . | . . . Repair Station Hacks . | . . . Recycling Unit Hacks . | . . . Scanalyzer . | . . . Garrison Access Hacks . | . . . Unauthorized Hacks 2 | . 2 . Terminals 1 | . 1 . Operators 1 | . 1 . Fabricators . | . . . Repair Stations . | . . . Recycling Units 1 | . 1 . Reject 1 | . 1 . Scanalyzers . | . . . Garrison Access . | . . . Data Cores Recovered . | . . . Used . | . . . Hacking Detections 2 | . 2 . Full Trace Events 1 | . 1 . Feedback Events 1 | . 1 . Corruption 1 | . 1 . Feedback Blocked . | . . . Robot Schematics Acquired . | . . . Robots Built . | . . . Authchips . | . . . Time . | . . . Total Robot Build Rating . | . . . Part Schematics Acquired . | . . . Parts Built . | . . . Authchips . | . . . Time . | . . . Total Part Build Rating . | . . . Parts Repaired . | . . . Time . | . . . Parts Recycled . | . . . Recycled Matter . | . . . Retrieved Matter . | . . . Retrieved Components . | . . . Parts Scanalyzed . | . . . Part Schematics Acquired . | . . . Parts Damaged . | . . . Bothacking | -11 -10 -10 ------------ Run | Yrd Mat Min Used RIF Installer . | . . . Robots Hacked . | . . . Non-combat . | . . . Combat . | . . . Robot Hacks Applied . | . . . Relay Couplers Released . | . . . Fabnet Peak Effective % . | . . . Robots Rewired . | . . . Allies Hacked . | . . . Hacks Repelled . | . . . Allies | -11 -10 -10 -------- Run | Yrd Mat Min Total Allies . | . . . Largest Group . | . . . Highest-Rated Group . | . . . Highest-Rated Ally . | . . . Total Orders . | . . . Ally Attacks . | . . . Total Damage . | . . . Kills . | . . . Allies Corrupted . | . . . Allies Melted . | . . . Intel | -11 -10 -10 ------- Run | Yrd Mat Min Robot Analysis Total . | . . . Derelict Logs Recovered . | . . . Drone Launches . | . . . Drone Recoveries . | . . . Exploration | -11 -10 -10 ------------- Run | Yrd Mat Min Turns Passed 234 | 73 101 60 Spaces Moved 215 | 65 102 48 Core 5 | 5 . . Treads . | . . . Legs . | . . . Wheels 210 | 60 102 48 Hover . | . . . Flight . | . . . Fastest Speed 50 | 50 100 100 Average Speed 98 | 96 100 100 Slowest Speed 100 | 100 100 100 Overloaded Moves . | . . . Propulsion Burnouts . | . . . Robots Hopped . | . . . Cave-ins Triggered . | . . . Exploration Rate (%) 14 | 4 27 11 Regions Visited 2 Branch Regions 1 Pre-discovered Areas . | . . . Known Exits Taken . | . . . Unknown Exits Taken 2 | 1 1 . Scrap Searched . | . . . Spaces Dug . | . . . Terrain Destroyed . | . . . Melee . | . . . Projectile . | . . . AOE . | . . . Terrain Rammed . | . . . Walls Destroyed . | . . . Machines Disabled . | . . . Actions | -11 -10 -10 --------- Run | Yrd Mat Min Total 227 | 72 101 54 Wait . | . . . Move 213 | 64 101 48 Hop . | . . . Pick Up 2 | 2 . . Fast Attach 6 | 6 . . Attach . | . . . Detach . | . . . Swap . | . . . Drop 1 | . . 1 Fire 5 | . . 5 Melee . | . . . Ram . | . . . Kick . | . . . Crush . | . . . Escape Stasis . | . . . Rewire . | . . . Trap . | . . . Miscellaneous . | . . . Route ------- -11/Scrapyard -10/Materials (discovered 2 exits: [*Mat] / [*Min]) -10/Mines History --------- Turn | Location | Event 21 | -11/Scrapyard | Discovered new exit (range 16) 74 | -11/Scrapyard | Entered Materials 127 | -10/Materials | Discovered new exit (range 9) 141 | -10/Materials | Discovered new exit (range 15) 175 | -10/Materials | Entered Mines 192 | -10/Mines | Assembled infested the area 194 | -10/Mines | Met a Derelict bent on vengeance 232 | -10/Mines | Core integrity fell below 50% 234 | -10/Mines | Core integrity fell below 20% 235 | -10/Mines | Destroyed by D-53 Grenadier with Mini Grenade Launcher Last Messages --------------- 00136_ K-01 Serf collects debris. 00141_ EXIT=FOUND 00147_ K-01 Serf collects debris. LOCATION=UNKNOWN GOAL=ESCAPE Something is scanning the area. 00176_ T-07 Excavator is excavating. 00192_ ALERT: Infestation in the mines, dispatching Demolisher response squad. 00217_ System corrupted: Assault Rifle rejected. 00218_ as-15305 suffers critical hit (Burn). 00222_ C-30 ARC bursts open, deploying its payload. 00222_ D-53 Grenadier unfolds itself. 00223_ Ion Engine destroyed. 00223_ as-15305 destroyed. 00224_ Acquired 4 matter. 00227_ Seismic Survey Station disabled. 00227_ Dropped Sml. Storage Unit. 00231_ Com. Wheel destroyed. 00232_ The unstable cave ceiling collapses. Map ----- +----------------------------------------------------+ | | | | | | | | | | | | | ?????????????????????????????????????????????????? | | ?????????????????????????????????????????????????? | | ?????????????????????????????????????????????????? | | ?????????????????????????????????????????????????? | | ?????????????????????????????????????????????????? | | ?????????????????????????????????????????????????? | | ?????????????????????????????????????????????????? | | ?????????????????????????????###?????????????????? | | ???????????????????????????## ##????????????????? | | ??????????????????????????## #????????????????? | | ????????????????????????### #????????????????? | | ???????????????###?????## #?????????????????? | | ?????????????## #????## [ #?????????????????? | | ????????????## #????# #?????????????????? | | ???????????## #????# ##????????????????? | | ???????????# ##???## #????????????????? | | ???????????# ##????# ###### #?????????? | | ???????????## #??#### $ #?????????? | | ????????????# #### ## d # #???????????????? | | ????????????# ## # d@ #???????????????? | | ????????????# u #???????????????? | | ????????????## ##???????????????? | | ?????????????## #r# ####????????????????? | | ??????????????## ##%### # ??????????????????? | | ???????????????####### #?# ## ##?????????????????? | | ?????????????????????# #?# #??#??????????????????? | | ?????????????????????# #?" #?????????????????????? | | ????????????????????? #?# #?????????????????????? | | ?????????????????????###?# #?????????????????????? | | ?????????????????????????# ?????????????????????? | | ?????????????????????????# ?????????????????????? | | ??????????????????????????# ?????????????????????? | | ??????????????????????????? ?????????????????????? | | ???????????????????????????%?????????????????????? | | ???????????????????????????%?????????????????????? | | ??????????????????????????? ?????????????????????? | | ??????????????????????????? ?????????????????????? | | ?????????????????????????????????????????????????? | | ?????????????????????????????????????????????????? | | ?????????????????????????????????????????????????? | | ?????????????????????????????????????????????????? | | ?????????????????????????????????????????????????? | | ?????????????????????????????????????????????????? | | ?????????????????????????????????????????????????? | +----------------------------------------------------+ Best States ------------- Heat Dissipation 25 Energy Generation 10 Energy Capacity 250 Matter Stores 261 Matter Capacity 300 Sight Range 16 Terrain Scan Density 10 Evasion (%) 40 Item Schematics ----------------- None Robot Schematics ------------------ None Fabricated ------------ Nothing Alien Tech Used ----------------- None Achievements -------------- None Challenges ------------ None Game ------ Seed XenonGravitySpear Manual? 0 Play Time 00:03:38 Cumulative 6.6 hours Start 2024.04.14 @ 12:06:55 End 2024.04.14 @ 12:09:57 Sessions 1 Manual Loads 0 Difficulty Rogue Special Mode None Game No. 22 Rogue 22 Adventurer 0 Explorer 0 Win Type - Total 0 Types 0/0/0/0/0/0/0/0/0 Lore% 5 Gallery% 9 Achievement% 11 Wizard Run 0 Options --------- Layout 1 ASCII 0 Keyboard 0 Movement Arrows Keybinds 0 Fullscreen 1 Font 32/SmallcapsGlow Map View 77x35 Zoom Use 0% Tactical HUD 1 Map Filters NONE Filters NONE Steam 1 RUN: 281f3c70-4810-472d-b93c-e63f1948487c